Map: Oxide LE

Players

Cham

  • Race: Zerg Zerg

SpeCial - Winner!

  • Race: Terran Terran

Event: DreamHack SC2 Masters 2021 Winter

VOD

Have the link to the VOD?

Description

Time

  • Played on: Oct. 3, 2021, 5:27 p.m.
  • Length: 14:10

All games in this series

Show
View Real Time Build Order
Export as new Build Order

Cham Zerg 

Build Orders: Hatch First 

Get SALT Encoding   

  12  0:00  Drone  
  13  0:07  Drone  
  14  0:17  Overlord  
  15  0:35  Drone x2  
  16  0:47  Hatchery  
  15  0:50  Drone  
  15  0:54  Drone  
  17  0:57  Drone  
  18  1:11  Spawning Pool  
  17  1:12  Extractor  
  17  1:15  Drone  
  17  1:20  Drone  
  18  1:29  Drone  
  19  1:40  Drone  
  20  1:51  Drone  
  21  1:58  Queen  
  21  1:59  Zergling x2, Queen  
  26  2:02  Zergling x2  
  27  2:11  Drone  
  27  2:12  Overlord  
  28  2:22  Hatchery  
  27  2:24  Drone  
  27  2:38  Metabolic Boost, Queen  
  27  2:42  Overlord  
  29  2:47  Drone x2  
  29  2:49  Drone  
  32  2:52  Drone  
  32  2:54  Drone  
  34  3:00  Overlord  
  34  3:05  Drone  
  35  3:08  Drone x2  
  35  3:10  Drone  
  38  3:14  Queen  
  40  3:20  Drone x2  
  42  3:28  Overlord  
  42  3:30  Queen  
  42  3:34  Queen  
  44  3:35  Zergling x2  
  44  3:40  Zergling x6  
  50  3:44  Drone x2  
  50  3:45  Drone  
  53  3:52  Drone x3  
  56  4:00  Overlord  
  56  4:02  Drone  
  57  4:03  Drone  
  57  4:05  Queen  
  57  4:08  Drone  
  57  4:09  Queen  
  61  4:13  Drone  
  61  4:17  Drone, Overlord  
  64  4:19  Overlord  
  64  4:23  Overlord  
  65  4:26  Overlord  
  65  4:28  Lair  
  65  4:36  Drone x7  
  72  4:38  Overlord  
  72  4:40  Drone  
  72  4:42  Drone  
  72  4:44  Overlord  
  74  4:48  Overlord  
  74  4:51  Overlord  
  74  4:52  Drone  
  75  4:56  Spore Crawler  
  75  4:57  Spore Crawler, Extractor  
  72  5:00  Roach Warren  
  72  5:01  Spore Crawler  
  72  5:03  Drone  
  72  5:05  Overlord  
  72  5:06  Drone x2  
  73  5:09  Drone x2  
  73  5:10  Extractor  
  73  5:11  Drone x2, Extractor  
  73  5:13  Drone  
  76  5:17  Extractor  
  76  5:18  Drone x2, Extractor  
  76  5:24  Overlord  
  76  5:25  Evolution Chamber  
  76  5:26  Evolution Chamber  
  76  5:27  Overseer  
  74  5:29  Overlord  
  74  5:35  Drone x3  
  76  5:36  Drone x4  
  81  5:43  Drone x2  
  81  5:46  Roach, Glial Reconstitution  
  81  5:48  Overlord  
  81  5:49  Drone  
  87  5:50  Drone  
  87  5:56  Hatchery  
  86  5:59  Zerg Missile Weapons Level 1  
  86  6:05  Drone  
  86  6:06  Drone x2  
  86  6:09  Roach x3  
  95  6:14  Drone  
  95  6:15  Infestation Pit  
  95  6:16  Roach x3  
  97  6:19  Roach  
  97  6:20  Roach  
  98  6:26  Roach x3  
  98  6:28  Roach  
  98  6:29  Roach  
  100  6:33  Roach x2  
  100  6:38  Roach  
  100  6:39  Roach  
  100  6:43  Roach x2  
  102  6:51  Drone x2  
  102  6:52  Drone x2  
  107  6:54  Drone x2  
  107  6:56  Drone  
  107  6:57  Drone  
  112  7:01  Roach x2  
  112  7:02  Extractor  
  112  7:05  Extractor  
  112  7:09  Roach x3  
  112  7:12  Roach  
  112  7:13  Ravager  
  112  7:14  Ravager x3  
  124  7:16  Roach x2  
  124  7:17  Roach x3  
  124  7:19  Overseer  
  134  7:26  Roach x4  
  142  7:33  Roach x4  
  142  7:36  Roach  
  134  7:40  Roach  
  134  7:41  Roach x2  
  134  7:43  Ravager  
  118  7:52  Roach x5  
  118  7:53  Roach x2  
  118  7:54  Roach  
  111  8:06  Roach x5  
  111  8:10  Roach  
  103  8:13  Ravager x2  
  103  8:14  Ravager x2  
  103  8:15  Roach x2  
  106  8:22  Roach x2  
  106  8:25  Ravager x3  
  106  8:26  Roach  
  115  8:34  Roach x2  
  85  8:49  Roach x10  
  85  8:54  Roach  
  85  8:55  Roach x2  
  106  8:56  Roach  
  106  8:58  Roach  
  110  9:03  Roach x2  
  110  9:06  Drone x2  
  116  9:10  Drone  
  116  9:15  Roach x2  
  121  9:18  Ravager x2  
  121  9:21  Roach x2  
  125  9:31  Roach x4  
  125  9:36  Ravager  
  132  9:43  Drone x4  
  136  9:49  Overlord x2  
  136  9:55  Overlord x2  
  136  9:58  Overlord  
  136  10:08  Roach  
  136  10:09  Roach x5  
  136  10:10  Drone  
  147  10:19  Drone x2  
  149  10:21  Drone  
  149  10:23  Drone  
  149  10:26  Roach  
  153  10:34  Roach x4  
  161  10:38  Overlord  
  161  10:40  Zerg Ground Armor Level 1  
  161  10:44  Zerg Missile Weapons Level 2  
  153  11:01  Hive, Burrow  
  153  11:02  Spire, Tunneling Claws  
  148  11:05  Roach  
  148  11:06  Roach x4  
  148  11:20  Drone  
  148  11:21  Drone x3  
  148  11:22  Drone  
  148  11:29  Drone  
  148  11:31  Roach x7  
  163  11:38  Overlord  
  163  11:47  Drone x5  
  162  11:48  Drone x2  
  162  11:52  Spore Crawler  
  164  11:55  Queen  
  164  11:58  Roach  
  164  11:59  Roach  
  172  12:01  Ravager x2  
  168  12:12  Roach x18  
  157  12:26  Roach x4  
  157  12:27  Roach x4  
  167  12:38  Roach x10  
  167  12:39  Greater Spire  
  167  12:42  Ravager x3  
  167  12:49  Hatchery  
  164  12:51  Hatchery  
  149  13:02  Infestor x3  
  141  13:12  Roach x17  
  141  13:21  Infestor  
  141  13:22  Infestor  
  145  13:30  Roach x16  
  114  13:41  Roach x4  
  87  13:57  Hatchery  
Show
View Real Time Build Order
Export as new Build Order

SpeCial Terran - Winner!

Build Orders: Reaper Expand 

Get SALT Encoding   

  12  0:00  SCV  
  13  0:12  SCV  
  14  0:17  Supply Depot  
  14  0:24  SCV  
  15  0:38  SCV  
  15  0:40  Barracks  
  16  0:42  Refinery  
  16  0:50  SCV  
  17  1:03  SCV  
  18  1:15  SCV  
  19  1:27  Reaper, Orbital Command  
  20  1:37  Command Center  
  20  1:48  Supply Depot  
  20  1:53  SCV  
  21  1:59  Marine  
  22  2:05  SCV  
  22  2:07  Factory  
  23  2:12  Refinery  
  23  2:18  SCV  
  23  2:19  Barracks Reactor  
  24  2:30  SCV  
  25  2:42  SCV  
  26  2:49  Orbital Command  
  26  2:53  Starport  
  26  2:54  SCV  
  27  2:59  Hellion x2  
  27  3:03  Barracks Tech Lab  
  31  3:06  SCV  
  32  3:15  SCV  
  32  3:18  SCV  
  34  3:21  Hellion x2  
  34  3:22  Marine  
  34  3:25  Stimpack  
  39  3:28  SCV  
  39  3:31  Supply Depot  
  39  3:32  Viking  
  42  3:38  SCV  
  42  3:40  SCV  
  44  3:50  Barracks  
  44  3:51  Barracks  
  44  3:52  Marine  
  44  3:55  SCV x2, Factory Tech Lab  
  46  4:03  Starport Reactor  
  46  4:05  Supply Depot  
  46  4:07  SCV x2  
  48  4:11  Marine  
  49  4:17  Siege Tank  
  49  4:19  SCV x2  
  54  4:28  Supply Depot  
  54  4:29  Marine  
  56  4:31  SCV x2  
  56  4:36  Engineering Bay  
  56  4:38  Marine x2  
  58  4:43  SCV x2  
  61  4:45  Supply Depot  
  61  4:46  Refinery  
  61  4:47  Marine, Starport Reactor  
  61  4:50  Marine x2  
  64  4:55  SCV x2  
  64  4:56  Siege Tank, Marine  
  70  5:06  Terran Infantry Weapons Level 1  
  70  5:07  SCV x2, Marine x2  
  70  5:09  Supply Depot  
  74  5:14  Supply Depot  
  74  5:15  Marine x3  
  74  5:20  Refinery  
  77  5:24  Marine  
  78  5:30  Medivac x2, Marine  
  78  5:32  Marine x2  
  78  5:33  Supply Depot, Marine  
  86  5:41  Supply Depot  
  86  5:42  SCV, Marine  
  87  5:48  Siege Tank, Marine  
  92  5:50  Supply Depot, Marine x2  
  92  5:54  Marine  
  92  5:55  Supply Depot, SCV x2  
  97  6:00  Marine  
  98  6:06  Marine  
  98  6:08  Marine x2  
  101  6:12  Marine  
  100  6:19  Marine  
  100  6:24  Marine  
  100  6:25  Liberator x2  
  100  6:29  SCV, Marine x2  
  107  6:32  Siege Tank  
  107  6:39  Marine x2  
  101  6:41  Marine  
  101  6:45  Combat Shield  
  102  6:47  Marine x2  
  102  6:52  Supply Depot  
  104  6:55  Supply Depot  
  104  6:57  Marine x2  
  104  7:00  Marauder  
  108  7:05  Siege Tank, Marine x2  
  113  7:08  Medivac x2  
  113  7:10  SCV x2  
  113  7:15  Marine x2  
  121  7:21  Marine  
  122  7:23  Marine x2  
  124  7:33  Marine x2  
  124  7:36  SCV  
  124  7:37  Siege Tank  
  117  7:38  Medivac, Marine  
  117  7:40  Marine  
  117  7:41  Marine  
  118  7:45  SCV  
  118  7:48  SCV  
  118  7:50  Marine  
  118  7:51  Marine  
  114  7:55  Liberator  
  114  7:56  Marine  
  115  7:58  Marine x2  
  107  8:08  Marine x2  
  107  8:09  Siege Tank  
  107  8:13  Liberator  
  107  8:14  Marine  
  107  8:16  Marine x2  
  113  8:26  Marine x2  
  114  8:32  Command Center, Marine  
  113  8:34  Marine x2  
  113  8:37  Terran Infantry Armor Level 1  
  113  8:41  Siege Tank  
  105  8:44  Marine x2  
  92  8:50  Marine  
  92  8:52  Marine x2  
  86  9:02  Marine x2  
  88  9:07  SCV x2, Marine  
  88  9:09  Marine  
  91  9:10  Marine  
  91  9:13  Siege Tank  
  91  9:16  Barracks  
  96  9:17  Barracks  
  96  9:20  Marine x2  
  98  9:26  Marauder  
  98  9:27  Marine x2  
  99  9:37  Marine x2  
  101  9:38  Armory  
  101  9:39  Engineering Bay  
  101  9:40  SCV x2  
  101  9:45  Siege Tank, Marine x2  
  103  9:47  Marauder  
  107  9:53  Orbital Command  
  107  9:55  SCV x2, Marine x2  
  111  10:03  Marine x2  
  111  10:05  Barracks Tech Lab x2  
  112  10:09  Marauder  
  112  10:12  Supply Depot  
  112  10:13  Marine x2  
  116  10:14  Liberator  
  116  10:17  Siege Tank  
  116  10:18  Orbital Command  
  116  10:21  Marine  
  122  10:25  Missile Turret  
  122  10:26  Liberator  
  126  10:30  Marauder  
  126  10:31  Marauder, Marine  
  131  10:39  Terran Infantry Weapons Level 2  
  131  10:41  Marine  
  132  10:44  Concussive Shells  
  128  10:52  Siege Tank  
  128  10:54  SCV x2  
  128  10:56  SCV  
  133  11:01  Marauder, Marine  
  134  11:05  Marine  
  134  11:06  SCV  
  136  11:12  Marine x2  
  136  11:13  Marauder, Marine  
  136  11:19  Marine  
  136  11:23  Marauder, Missile Turret, Marine  
  136  11:25  Cyclone  
  140  11:26  Liberator  
  140  11:30  Liberator, Marine  
  147  11:36  Marauder x2  
  151  11:41  Marine  
  151  11:44  Marauder  
  153  11:57  Marauder  
  153  11:58  Marauder, Supply Depot x2  
  157  12:05  Siege Tank  
  157  12:06  Marauder  
  162  12:10  SCV x3  
  156  12:22  SCV, Marine  
  157  12:23  Marauder, Marine x2  
  156  12:34  Missile Turret  
  156  12:35  Marauder, Marine x2  
  163  12:37  Siege Tank  
  163  12:40  SCV, Marine  
  163  12:41  SCV x2  
  160  12:52  Supply Depot, Marine x2  
  160  12:53  Marauder  
  159  13:00  Marauder  
  159  13:04  Medivac x2  
  163  13:09  Siege Tank  
  163  13:18  Marauder  
  165  13:26  Marine x2  
  169  13:27  Marauder  
  168  13:34  Medivac x2  
  168  13:37  Marauder, Marine  
  173  13:47  Marine  
  173  13:48  Marauder  

Tags
 
Add a new tag
Caveats
  • Supply blocks, unpowered buildings, or Contaminate may cause inaccurate times.
  • Supply counts are checked every 10 seconds.